 Dungeon Crawl Stone Soup version 0.27.1-3-gb3d3a73c9e (webtiles) character file.

Game seed: 1254015119062532802

62378 CuBeRJAN3 the Warrior (level 15, -8/105 HPs)
             Began as a Gargoyle Fighter on Oct 5, 2021.
             Was the Champion of Zin.
             Killed by divine providence
             ... invoked by a smoke demon
              (11 damage)
             ... on level 2 of the Abyss on Oct 6, 2021.
             The game lasted 02:00:23 (37482 turns).

CuBeRJAN3 the Warrior (Gargoyle Fighter)           Turns: 37482, Time: 02:00:23

Health: -8/105     AC: 38    Str: 25    XL:     15   Next: 6%
Magic:  16/16      EV: 22    Int: 10    God:    Zin [******]
Gold:   251        SH: 15    Dex:  9    Spells: 15/15 levels left

rFire    . . .     SeeInvis +   I - +3 mace (flame)
rCold    . . .     Faith    .   L - +2 kite shield
rNeg     + . .     Spirit   .   z - +0 plate armour
rPois    ∞         Reflect  .   M - +0 helmet
rElec    +         Harm     .   F - +0 cloak "Baduseri" {SInv}
rCorr    .         Rampage  .   b - +1 pair of gloves
Will     +....                  w - +0 pair of boots of the Chupacabra {Slay+3}
Stlth    ..........             U - amulet of the acrobat
HPRegen  0.27/turn              P - +4 ring of slaying
MPRegen  0.15/turn              y - +4 ring of protection

@: about to teleport, acrobatic, flying
A: sickness immunity, AC +11, big wings, negative energy resistance 1,
electricity resistance, torment resistance 1, petrification resistance
a: Renounce Religion, Recite, Vitalisation, Imprison, Sanctuary, Donate Gold


You were on level 2 of the Abyss.
You worshipped Zin.
Zin was exalted by your worship.
You visited 4 branches of the dungeon, and saw 22 of its levels.
You visited the Abyss 2 times.

You collected 2150 gold pieces.
You spent 1173 gold pieces at shops.
You donated 726 gold pieces to Zin.

Inventory:

Hand Weapons
 o - a +2 hunting sling of flaming
 I - a +3 mace of flaming (weapon)
 J - a +0 flail of holy wrath
Missiles
 l - 917 stones (quivered)
 T - 4 throwing nets
Armour
 b - a +1 pair of gloves (worn)
 g - a +2 cloak
 w - the +0 pair of boots of the Chupacabra (worn) {Slay+3}
   (You bought it in a shop on level 1 of the Orcish Mines)

   Slay:      It affects your accuracy & damage with ranged weapons and melee
   (+3).
 z - a +0 plate armour (worn)
 B - +0 acid dragon scales
 F - the +0 cloak "Baduseri" (worn) {SInv}
   (You found it on level 7 of the Dungeon)

   SInv:      It lets you see invisible.
 L - a +2 kite shield (worn)
 M - a +0 helmet (worn)
Jewellery
 y - a +4 ring of protection (right hand)
 K - a ring of protection from cold
 P - a +4 ring of slaying (left hand)
 U - an amulet of the acrobat (around neck)
 X - a ring of protection from cold
Wands
 q - a wand of flame (69)
 u - a wand of acid (11)
 E - a wand of iceblast (44)
 Q - a wand of paralysis (14)
 S - a wand of charming (10)
 Y - a wand of mindburst (47)
Scrolls
 c - 3 scrolls of identify
 i - 3 scrolls of amnesia
 j - 2 scrolls of teleportation
 k - 2 scrolls of immolation
 t - 2 scrolls of fear {unknown}
 v - 3 scrolls of vulnerability
 A - a scroll of silence {unknown}
 C - 2 scrolls of acquirement {unknown}
 D - a scroll of magic mapping {unknown}
 G - 5 scrolls of fog {unknown}
 H - 2 scrolls of holy word
 N - 2 scrolls of blinking
 O - 2 scrolls of noise {unknown}
 R - a scroll of summoning {unknown}
 V - 2 scrolls of enchant weapon {unknown}
 Z - a scroll of enchant armour {unknown}
Potions
 a - 2 potions of flight
 d - a potion of might
 e - 3 potions of brilliance
 h - a potion of invisibility
 m - a potion of cancellation {unknown}
 n - 8 potions of curing
 p - 5 potions of attraction
 r - 4 potions of lignification
 s - 4 potions of magic
 x - 3 potions of haste
 W - 2 potions of mutation


   Skills:
 * Level 16.4 Fighting
 + Level 12.2 Maces & Flails
 - Level 1.0 Slings
 + Level 12.3 Armour
 + Level 12.3 Shields
 - Level 0.9 Spellcasting
 - Level 1.1 Conjurations
 - Level 1.0 Translocations
 + Level 6.5 Evocations


You had 15 spell levels left.
You didn't know any spells.
Your spell library contained the following spells:

 Spells                   Type           Power      Damage    Failure   Level
 Static Discharge         Conj/Air       1%         N/A       99%         2
 Corpse Rot               Necr/Air       N/A        N/A       100%        2
 Slow                     Hex            0%         N/A       100%        2
 Confusing Touch          Hex            0%         N/A       100%        3
 Cause Fear               Hex            0%         N/A       100%        4
 Dispel Undead            Necr           0%         3d6       100%        4
 Sticky Flame             Conj/Fire      1%         2d3       100%        4
 Yara's Violent Unravell  Hex/Tmut       0%         3d3       100%        5
 Conjure Ball Lightning   Conj/Air       0%         3x3d6     100%        6
 Death Channel            Necr           0%         N/A       100%        6
 Dragon Form              Tmut           0%         N/A       100%        7
 Discord                  Hex            0%         N/A       100%        8
 Disjunction              Tloc           1%         N/A       100%        8
 Dragon's Call            Summ           0%         N/A       100%        9


Dungeon Overview and Level Annotations

Branches:
Dungeon (13/15)            Temple (1/1) D:6            Lair (6/6) D:8
  Swamp (0/4) Lair:2       Spider (0/4) Lair:3        Slime (0/5) Lair:6
    Orc (2/2) D:10            Elf (0/3) Orc:2
 Vaults: D:13-14

Altars:
Ashenzari
Cheibriados
Dithmenos
Elyvilon
Fedhas
Gozag
Hepliaklqana
Kikubaaqudgha
Makhleb
Nemelex Xobeh
Okawaru
Qazlal
Ru
Sif Muna
Trog
Uskayaw
Vehumet
Wu Jian
Xom
Yredelemnul
Zin
The Shining One
Beogh
Jiyva

Shops:
D:10 [   D:11 !   Orc:1 *[?!   Orc:2 =![[

Annotations:
D:4 Dowan; Duvessa
D:6 1 runed translucent door, exclusions: door and 1 more exclusion, Kinoniko's ghost, amateur DsBe
D:11 3 runed translucent doors, exclusion: 3 doors
Lair:1 3 runed translucent doors, exclusion: 3 doors, Kuidesed's ghost, journeyman DrCj
Lair:6 1 runed translucent door, exclusion: door
Orc:2 3 runed translucent doors, exclusion: 3 doors, Linguinho's ghost, journeyman GrFi


Innate Abilities, Weirdness & Mutations

You are immune to sickness and miasma.
Your stone body is resilient. (AC +11)
You are immune to poison.
Your large and strong wings let you fly.
You resist negative energy. (rN+)
You are resistant to electric shocks. (rElec)
You are resistant to unholy torment.
You are immune to petrification.


Message History

You bump into the stone wall.
The green death gestures at you.
The bolt of poison hits you but does no damage.
You resist.
The raiju bursts into living lightning!
The living lightning misses you.
The raiju blinks!
You bump into the stone wall.
The green death barely misses you. The raiju bites you but does no damage.
You bump into the crystal wall.
You feel less confused. The green death gestures at you.
The poison arrow misses you. You block the raiju's attack.
Blink to where?
Press: ? - help, Dir - move target
As you read the scroll of blinking, it crumbles to dust.
The smoke demon gestures at you. Something smites you!
* * * LOW HITPOINT WARNING * * *
Okay, then.
As you read the scroll of teleportation, it crumbles to dust.
You feel strangely unstable.
You feel the power of the Abyss delaying your translocation!
A large abomination comes into view.
The orange demon screeches!
You hear a screech!
The smoke demon gestures at you. Something smites you!
* * * LOW HITPOINT WARNING * * *
The raiju bursts into living lightning!
The living lightning misses you.
The raiju blinks!
The raiju bursts into living lightning!
The living lightning misses you.
The raiju blinks!
The raiju bursts into living lightning!
The living lightning hits you. You resist.
* * * LOW HITPOINT WARNING * * *
The raiju blinks! x2
An orange demon comes into view.
You block the orange demon's attack. The smoke demon gestures at you.
Something smites you!
You die...

## #.#3h#...
.#..XX##### ##
###..3#. ## . #
.. ##.#.#.##.##
.. ####..3..#
..# ##....###.#
#... #..
#h#.......#..
.#
#..##.4.X..4.##
# #.@.##..#....
.
####.#.#..##.#
####...# ##. ..
.#.# # . #### .
# ..


You could see 2 orange demons, a large abomination, a smoke demon and a raiju.

Vanquished Creatures
  Gastronok (Lair:3)
  5 hydras
  Fannar (D:11)
  A boulder beetle (D:11)
  2 centaur warriors (D:13)
  2 two-headed ogres
  A catoblepas (Lair:6)
  A death knight (D:11)
  2 death yaks (Lair:6)
  2 bog bodies (Lair:2)
  4 wizards (D:13)
  An orc knight (D:10)
  2 ugly things
  A salamander (shapeshifter) (D:10)
  10 orc sorcerers
  A manticore (D:12)
  A black mamba (Lair:4)
  24 elephants
  A gargoyle (D:12)
  A smoke demon (Abyss:2)
  9 cane toads
  2 rime drakes
  An unseen horror (D:12)
  5 komodo dragons
  A demonic crawler (Lair:2)
  2 kobold demonologists (D:12)
  8 trolls
  A jumping spider (shapeshifter) (D:13)
  A hornet (D:10)
  Prince Ribbit (D:9)
  A raiju (Abyss:2)
  5 slime creatures
  4 dream sheep
  19 blink frogs
  A meliai zombie (D:6)
  A small abomination (Abyss:2)
  3 shadows
  A vampire (D:12)
  2 wraiths (D:10)
  3 wyverns
  36 yaks
  3 basilisks
  A steam dragon (D:8)
  2 vampire mosquitoes (D:11)
  6 wargs
  15 water moccasins
  2 acid dragons
  4 black bears
  14 orc warriors
  3 necrophages
  A sky beast (D:7)
  An ice beast (D:7)
  7 centaurs
  8 ogres
  7 wolves
  3 phantoms
  3 kobold brigands
  19 bullfrogs
  2 wyvern zombies
  5 gnoll sergeants
  7 scorpions
  4 killer bees (D:8)
  3 wights (D:7)
  2 electric eels (D:6)
  A howler monkey (D:5)
  2 centaur zombies
  7 hounds
  A jelly (D:5)
  10 orc priests
  A bullfrog skeleton (D:6)
  3 iron imps (D:3)
  3 gnoll shamans
  Natasha (thrice) (D:2)
  2 iguanas
  41 orc wizards
  4 hell rats (Lair:3)
  A hound zombie (D:5)
  A howler monkey zombie (D:9)
  55 gnolls
  5 adders
  2 shadow imps
  A worm (Lair:3)
  2 dart slugs
  71 orcs
  6 endoplasms
  2 giant cockroaches
  41 goblins
  21 hobgoblins
  14 jackals
  13 kobolds
  4 quokkas
  6 ball pythons
  6 bats
  2 frilled lizards
  3 rats
627 creatures vanquished.

Vanquished Creatures (others)
  A wizard (D:13)
  A raiju (D:13)
  A small abomination (Abyss:3)
  A jelly (Abyss:2)
  2 orc wizards
  A bush (D:8)
  64 fungi
  91 plants
  9 starspawn tentacles (Abyss:3)
171 creatures vanquished.

Grand Total: 798 creatures vanquished

Notes
Turn   | Place    | Note
-------+----------+-------------------------------------------
     0 | D:1      | CuBeRJAN3 the Gargoyle Fighter began the quest for the Orb.
     0 | D:1      | Reached XP level 1. HP: 14/14 MP: 1/1
    77 | D:1      | Reached XP level 2. HP: 6/19 MP: 2/2
   655 | D:1      | Reached XP level 3. HP: 24/24 MP: 3/3
  1129 | D:1      | Found a faded altar of an unknown god.
  1626 | D:2      | Noticed Natasha
  1680 | D:2      | Killed Natasha
  1681 | D:2      | Reached skill level 4 in Fighting
  1681 | D:2      | Reached XP level 4. HP: 27/29 MP: 4/4
  2149 | D:2      | Noticed Natasha
  2167 | D:2      | Killed Natasha
  2380 | D:2      | You fall into a shaft and drop 1 floor!
  2403 | D:3      | Reached XP level 5. HP: 30/34 MP: 5/5
  2593 | D:2      | Noticed Natasha
  2601 | D:2      | Killed Natasha
  3796 | D:3      | Found a burning altar of Makhleb.
  3839 | D:3      | Reached XP level 6. HP: 40/40 MP: 6/6
  3843 | D:3      | Reached skill level 5 in Fighting
  4045 | D:4      | Noticed a necrophage
  4224 | D:3      | Killed a necrophage
  4387 | D:4      | Found a shadowy altar of Dithmenos.
  4421 | D:4      | Identified the +1 robe of Pleasant Breezes {rElec Will+
                  | Dex-2}
  4468 | D:4      | Reached XP level 7. HP: 42/44 MP: 7/7
  4954 | D:4      | Noticed Dowan
  4955 | D:4      | Noticed Duvessa
  4983 | D:5      | Entered Level 5 of the Dungeon
  5118 | D:5      | Reached skill level 6 in Fighting
  5168 | D:5      | Reached skill level 5 in Maces & Flails
  5311 | D:6      | Found a staircase to the Ecumenical Temple.
  5318 | D:6      | Reached skill level 5 in Armour
  5318 | D:6      | Reached skill level 5 in Shields
  5406 | D:5      | Reached XP level 8. HP: 43/52 MP: 8/8
  6008 | Temple   | Entered the Ecumenical Temple
  6094 | Temple   | Became a worshipper of Zin the Law-Giver
  6094 | Temple   | Reached * piety under Zin
  6388 | D:6      | Reached ** piety under Zin
  6571 | D:6      | Found a stormy altar of Qazlal.
  6652 | D:6      | Found a runed translucent door.
  6656 | D:6      | Found a shimmering altar of Xom.
  6656 | D:6      | Noticed Kinoniko's ghost (amateur DsBe)
  6657 | D:6      | Noticed a +2 rapier of chaos
  7198 | D:6      | Reached skill level 7 in Fighting
  8523 | D:6      | Reached *** piety under Zin
  9412 | D:6      | Reached XP level 9. HP: 38/58 MP: 9/9
 10372 | D:7      | Reached skill level 8 in Fighting
 10409 | D:7      | Identified the +0 cloak "Baduseri" {SInv}
 11094 | D:7      | Reached **** piety under Zin
 11263 | D:7      | Found the +2 ratskin cloak {*Rats rPois rN+ Str-1 Int-1
                  | Dex+1}
 11684 | D:7      | Donated 254 gold pieces to Zin
 12192 | D:8      | Reached skill level 9 in Fighting
 12518 | D:8      | Reached ***** piety under Zin
 12541 | D:8      | Reached XP level 10. HP: 50/66 MP: 10/10
 12934 | D:8      | Found a staircase to the Lair.
 12964 | D:8      | Reached skill level 10 in Fighting
 14013 | D:8      | Reached skill level 1 in Conjurations
 14025 | D:8      | Reached skill level 1 in Translocations
 14440 | D:9      | Noticed Prince Ribbit
 14456 | D:9      | Killed Prince Ribbit
 14462 | D:9      | Identified the +5 falchion of the Puffball {spect, Fragile
                  | +Blink rF- Will+++}
 15181 | D:10     | Entered Level 10 of the Dungeon
 15186 | D:10     | Found a staircase to the Orcish Mines.
 15216 | D:10     | Noticed a salamander
 15238 | D:10     | Killed a salamander
 15496 | D:10     | Reached skill level 11 in Fighting
 15522 | D:10     | Reached XP level 11. HP: 59/74 MP: 12/12
 15642 | D:10     | Found a hide-covered altar of Uskayaw.
 15700 | D:10     | Found a broken altar of Ashenzari.
 16028 | D:10     | Found Tabo Amp's Antique Armour Boutique.
 16548 | D:10     | Found a bloodstained altar of Trog.
 16876 | D:11     | Reached skill level 1 in Slings
 16958 | D:11     | Noticed a death knight
 17211 | D:11     | Found Uppo's Distillery.
 17251 | D:11     | Bought a potion of heal wounds for 90 gold pieces
 17251 | D:11     | Bought a potion of haste for 180 gold pieces
 17410 | D:11     | Noticed an eight-headed hydra
 17881 | Lair:1   | Entered Level 1 of the Lair of Beasts
 17932 | Lair:1   | Found a runed translucent gate.
 17932 | Lair:1   | Found a runed translucent gate.
 17932 | Lair:1   | Found a runed translucent gate.
 17934 | Lair:1   | Noticed Kuidesed's ghost (journeyman DrCj)
 18344 | Lair:1   | Reached skill level 12 in Fighting
 19518 | Lair:2   | Reached XP level 12. HP: 63/82 MP: 13/13
 19612 | Lair:2   | Found a staircase to the Swamp.
 19632 | Lair:2   | Reached skill level 10 in Maces & Flails
 19960 | Lair:2   | Reached skill level 13 in Fighting
 20549 | Lair:2   | Reached skill level 10 in Shields
 20719 | Lair:1   | Reached skill level 10 in Armour
 20801 | Lair:2   | Reached skill level 1 in Evocations
 21398 | Lair:3   | Found a hole to the Spider Nest.
 21546 | Lair:3   | Reached ****** piety under Zin
 21827 | Lair:3   | Noticed Gastronok
 23085 | Lair:4   | Noticed a five-headed hydra
 23588 | Lair:4   | Noticed a seven-headed hydra
 23750 | Lair:3   | Killed Gastronok
 23751 | Lair:3   | Reached XP level 13. HP: 58/89 MP: 14/14
 24261 | Lair:3   | Reached skill level 14 in Fighting
 26243 | Lair:6   | Entered Level 6 of the Lair of Beasts
 26272 | Lair:6   | Found a runed translucent door.
 26273 | Lair:6   | Found a viscous altar of Jiyva.
 26275 | Lair:6   | Found a staircase to the Slime Pits.
 27373 | Lair:6   | Reached skill level 15 in Fighting
 27380 | Lair:6   | Found a shadowy altar of Dithmenos.
 28671 | Orc:1    | Entered Level 1 of the Orcish Mines
 28745 | Orc:1    | Paralysed by an orc sorcerer for 3 turns
 28982 | Orc:1    | Found Tenualidd's Assorted Antiques.
 28991 | Orc:1    | Found Poorr's Armour Shoppe.
 29052 | Orc:1    | Bought a potion of haste for 220 gold pieces
 29052 | Orc:1    | Bought a potion of heal wounds for 110 gold pieces
 29060 | Orc:1    | Bought the +0 pair of boots of the Chupacabra {Slay+3} for
                  | 313 gold pieces
 29393 | Lair:6   | Gained mutation: Your large and strong wings let you fly.
                  | [Gargoyle growth]
 29393 | Lair:6   | Reached XP level 14. HP: 67/98 MP: 15/15
 29590 | Lair:6   | Reached skill level 5 in Evocations
 30406 | Orc:1    | Found Tokeamn's Distillery.
 30410 | Orc:1    | Found Kucutiw's Magic Scroll Shoppe.
 30414 | Orc:1    | Bought 2 potions of heal wounds for 140 gold pieces
 30414 | Orc:1    | Donated 28 gold pieces to Zin
 30549 | Orc:1    | Bought a scroll of identify for 22 gold pieces
 30549 | Orc:1    | Bought a scroll of teleportation for 33 gold pieces
 30554 | Orc:1    | Donated 21 gold pieces to Zin
 30585 | Orc:1    | Found a runed translucent door.
 30848 | Orc:2    | Entered Level 2 of the Orcish Mines
 31098 | Orc:2    | Paralysed by an orc sorcerer for 4 turns
 31109 | Orc:1    | Paralysed by an orc sorcerer for 7 turns
 31392 | Orc:2    | Found Laubul's Distillery.
 31405 | Orc:2    | Paralysed by an orc sorcerer for 5 turns
 31511 | Orc:2    | Found Bopri's Jewellery Boutique.
 31546 | Orc:2    | Bought a potion of heal wounds for 65 gold pieces
 31726 | Orc:2    | Found a staircase to the Elven Halls.
 31744 | Orc:2    | Paralysed by an orc sorcerer for 7 turns
 31753 | Orc:2    | Paralysed by an orc sorcerer for 5 turns
 32066 | Orc:2    | Found a runed translucent gate.
 32066 | Orc:2    | Found a runed translucent gate.
 32066 | Orc:2    | Found a runed translucent gate.
 32067 | Orc:2    | Found an iron altar of Okawaru.
 32067 | Orc:2    | Noticed Linguinho's ghost (journeyman GrFi)
 32542 | Orc:2    | Found Jedinle's Armour Boutique.
 32542 | Orc:2    | Found Vuqebus's Antique Armour Emporium.
 32554 | Orc:2    | Paralysed by an orc sorcerer for 2 turns
 33107 | D:11     | Found a runed translucent gate.
 33108 | D:11     | Found a runed translucent gate.
 33108 | D:11     | Found a runed translucent gate.
 34098 | D:12     | Noticed Fannar
 34122 | D:11     | Killed Fannar
 34123 | D:11     | Reached skill level 16 in Fighting
 35853 | D:13     | Cast into level 3 of the Abyss (a wizard)
 35882 | Abyss:3  | Noticed a balrug
 35982 | Abyss:3  | Noticed an ironbound preserver
 35982 | Abyss:3  | Noticed an ironbound preserver
 35984 | Abyss:3  | Noticed a starcursed mass
 36041 | Abyss:3  | Noticed a tentacled starspawn
 36072 | D:13     | Escaped the Abyss
 36083 | D:13     | Found the +3 warlock's mirror {reflect}
 36665 | D:13     | Donated 208 gold pieces to Zin
 36996 | D:13     | Reached XP level 15. HP: 105/105 MP: 16/16
 37057 | D:13     | Cast into level 2 of the Abyss (a wizard)
 37057 | Abyss:2  | Found a corrupted altar of Lugonu.
 37064 | Abyss:2  | Found a corrupted altar of Lugonu.
 37344 | Abyss:2  | Found a corrupted altar of Lugonu.
 37476 | Abyss:2  | HP: 3/105 [smoke demon/divine providence (9)]
 37482 | Abyss:2  | Killed from afar by a smoke demon

Illustrated notes

Levels and vault maps discovered:
D:1:      dpeg_arrival_boxes_within_box, layout_basic,
          shapermc_ecumenical_altar_starsandcircs
D:2:      layout_loops_corners, minmay_pentomino_o2, uniq_natasha
D:3:      layout_rooms, demons_altar, eino_tiny_chamber
D:4:      layout_loops_ring, mainiacjoe_overflow_24_doors, uniq_duvessa
D:5:      layout_basic
D:6:      minmay_goblin_kobold_castle, layout_basic,
          mainiacjoe_overflow_brackets, minmay_temple_entry_statues_fountains,
          ebering_ghost_xom
D:7:      layout_cave_pods, minmay_increasing_density
D:8:      layout_loops_ring, due_lair_maze_entry_diamond,
          kb_lookout_dungeons_type
D:9:      layout_small_grid, uniq_prince_ribbit1
D:10:     layout_cave_pools, trog_three_pillars_becter,
          mainiacjoe_overflow_large_starburst, orc_0_dummy, serial_shops,
          shop_coins, serial_gnoll_camp, gnoll_camp_mini_basic,
          gnoll_camp_mini_basic, gnoll_camp_mini_doghouse, gnoll_camp_medium_02,
          gnoll_camp_mini_hut, gnoll_camp_mini_basic, grunt_ministairs_10
D:11:     layout_loops_ring, serial_shops, nicolae_shop_waterfront,
          ploomutoo_gammafunk_ghost_potion_laboratory, wad_rectangle_vault
D:12:     layout_cave_pods, uniq_fannar
D:13:     minmay_smoke_and_mirrors, layout_cave_pools
Temple:   nicolae_temple_x_marks_the_god
Lair:1:   layout_cave_pods, gammafunk_ghost_necromancy, lemuel_fruit_tree
Lair:2:   layout_chaotic_city, skrybe_swamp_entry_bodies, grunt_megastairs_1
Lair:3:   layout_concentric_octagons, nicolae_spider_entry_non_spiders,
          gauntlet_entry_generic, ldierk_geyser, chequers_serial_rivers_micro_b,
          st_stairs_6, uniq_gastronok
Lair:4:   layout_cave_pods, minivault_23
Lair:5:   layout_cave_pods, infiniplex_staircase_pool
Lair:6:   grunt_lair_end_beastmaster, layout_cave_pods, slime_altar_2,
          basic_altar
Orc:1:    layout_caves, enter_bailey_5, serial_shops,
          nicolae_shop_competitors_out_of_business, nicolae_shop_trees, shop,
          shop, lightli_church_of_beogh
Orc:2:    st_orc_town, layout_caves, gammafunk_ghost_fury_of_okawaru,
          basic_altar
Abyss:2:  base: Lair:2, minivault_25_ag, evilmike_abyss_exit_9

Skill      XL: |  1  2  3  4  5  6  7  8  9 10 11 12 13 14 |
---------------+-------------------------------------------+-----
Fighting       | 4 5 6 7 9 11 12 13 15 16 | 16.4
Maces & Flails | 3 4 5 6 8 9 10 11 12 | 12.2
Shields        | 4 5 7 8 9 10 11 12 | 12.3
Armour         | 4 5 7 8 9 10 11 12 | 12.3
Conjurations   | 1 |  1.1
Translocations | 1 |  1.0
Slings         | 1 |  1.0
Evocations     | 2 4 6 |  6.5
Spellcasting   | |  0.9

Action                   |  1- 3 |  4- 6 |  7- 9 | 10-12 | 13-15 || total
-------------------------+-------+-------+-------+-------+-------++-------
Melee: Flail             |   148 |   178 |   479 |   150 |       ||   955
       Mace              |       |       |   136 |   766 |  1136 ||  2038
 Fire: Hunting sling     |       |       |    37 |    36 |       ||    73
Invok: Recite            |       |       |     1 |     1 |       ||     2
       Donate Gold       |       |       |     1 |       |     3 ||     4
       Vitalisation      |       |       |       |     2 |     1 ||     3
  Use: Scroll            |       |       |     7 |     6 |    12 ||    25
       Potion            |       |       |     3 |     4 |     9 ||    16
Armor: Scale mail        |    94 |       |       |       |       ||    94
       Chain mail        |     6 |   133 |   470 |   457 |   519 ||  1585
       Plate armour      |       |       |       |       |   426 ||   426
Dodge: Dodged            |    53 |    34 |   198 |   232 |   611 ||  1128
Block: Kite shield       |    94 |   111 |   412 |   734 |  1125 ||  2476
